 Dungeon Crawl Stone Soup version 0.22.1-1-ga44c0e5 (webtiles) character file.

1373475 Torikoriko the Hoplite (level 27, 182/237 HPs)
             Began as a Barachi Venom Mage on Oct 25, 2018.
             Was an Elder of Sif Muna.
             Escaped with the Orb
             ... and 3 runes on Oct 28, 2018!
             The game lasted 12:16:17 (120504 turns).

Torikoriko the Hoplite (Barachi Venom Mage)       Turns: 120504, Time: 12:16:18

Health: 182/237    AC: 10    Str: 13 (15) XL:     27
Magic:  47/48      EV: 29    Int: 28 (29) God:    Sif Muna [****..]
Gold:   6266       SH: 32    Dex: 22      Spells: 3/68 levels left

rFire    + + +     SeeInvis +   a - +9 demon blade (freeze)
rCold    + + .     Gourm    .   S - +8 large shield "Nihyohov" {MR+ Stlth+}
rNeg     + . .     Faith    .   y - +2 robe {Archmagi}
rPois    +         Spirit   .   k - +0 hat {SInv}
rElec    .         Reflect  .   o - scarf {rC+ rF+}
rCorr    .         Harm     .   B - +1 pair of gloves {Str+3}
MR       +++++     Clarity  +   Q - +2 pair of boots {Stlth+}
Stlth    ++........             X - amulet of the Four Winds {rN+ MR+++ Clar}
HPRegen  0.49/turn              J - ring "Zumme" {rPois rF+ Dex+4}
MPRegen  0.31/turn              T - ring of Howkiug {rF+ rC+ Int+4 Dex+4}

@: swift, can't hop, divine energy, deflect missiles, quick
A: +LOS, swims, talons 1, rugged brown scales 1, clarity, deterioration 1,
slowness 1, strong legs 2
0: Orb of Zot
}: 3/15 runes: decaying, silver, gossamer
a: Hop, Stop Divine Energy, Channel Magic, Forget Spell, Renounce Religion


You escaped.
You worshipped Sif Muna.
Sif Muna was greatly pleased with you.
You were not hungry.

You visited 11 branches of the dungeon, and saw 53 of its levels.
You also visited: Labyrinth.

You collected 8757 gold pieces.
You spent 2491 gold pieces at shops.

Inventory:

Hand Weapons
 a - a +9 demon blade of freezing (weapon)
 Y - a +5 long sword of holy wrath
Missiles
 A - 10 throwing nets (quivered) {!f}
Armour
 k - a +0 hat of see invisible (worn)
 m - a +2 helmet of intelligence
 o - a scarf of resistance (worn)
 y - a +2 robe of the Archmagi (worn)
 B - a +1 pair of gloves of strength (worn)
 Q - a +2 pair of boots of stealth (worn)
 S - the +8 large shield "Nihyohov" (worn) {MR+ Stlth+}
   (You acquired it on level 4 of the Swamp)

   It affects your resistance to hostile enchantments.
   It makes you more stealthy.
Magical Staves
 b - an uncursed staff of wizardry
 w - an uncursed staff of air
Jewellery
 F - a +3 ring of intelligence
 J - the ring "Zumme" (left hand) {rPois rF+ Dex+4}
   (You took it off a deep elf demonologist on level 5 of the Vaults)

   [ring of protection from fire]

   It affects your dexterity (+4).
   It protects you from fire.
   It protects you from poison.
 R - an uncursed ring of resist corrosion
 T - the ring of Howkiug (right hand) {rF+ rC+ Int+4 Dex+4}
   (You found it on level 3 of the Depths)

   [ring of protection from fire]

   It affects your intelligence (+4).
   It affects your dexterity (+4).
   It protects you from fire.
   It protects you from cold.
 X - the amulet of the Four Winds (around neck) {rN+ MR+++ Clar}
   (You took it off a deep elf mage on level 3 of the Elven Halls)

   [amulet of nothing]

   It protects you from negative energy.
   It affects your resistance to hostile enchantments.
   It protects you against confusion.
Wands
 t - a wand of paralysis (66)
 v - a wand of acid (14)
 I - a wand of digging (19)
 O - a wand of iceblast (41)
Scrolls
 d - 8 scrolls of fog
 e - a scroll of enchant armour
 f - 18 scrolls of identify
 g - 26 scrolls of remove curse
 q - 9 scrolls of fear
 r - a scroll of brand weapon
 z - 5 scrolls of vulnerability
 E - 12 scrolls of teleportation
 K - 4 scrolls of enchant weapon
 L - 4 scrolls of blinking
 M - 9 scrolls of immolation
 U - 5 scrolls of holy word
 V - 7 scrolls of magic mapping
Potions
 l - 28 potions of curing
 n - 2 potions of resistance
 p - 10 potions of brilliance
 s - 4 potions of heal wounds
 u - 3 potions of agility
 x - 11 potions of might
 C - 11 potions of flight
 D - 3 potions of haste
 G - 6 potions of cancellation
 N - 3 potions of invisibility
 P - a potion of mutation
 W - 5 potions of magic
Miscellaneous
 h - 2 boxes of beasts
 j - a lamp of fire
 Z - 2 phantom mirrors
Comestibles
 c - 26 rations


   Skills:
 + Level 22.3 Fighting
 - Level 10.0 Long Blades
 + Level 17.0 Dodging
 - Level 1.7 Stealth
 - Level 25.0 Shields
 - Level 21.0 Spellcasting
 - Level 7.0 Conjurations
 - Level 5.0 Charms
 - Level 3.0 Summonings
 - Level 14.1 Transmutations
 - Level 24.0 Air Magic
 - Level 5.0 Earth Magic
 - Level 11.0 Poison Magic
 - Level 6.0 Invocations
 - Level 3.0 Evocations


You had 3 spell levels left.
You knew the following spells:

 Your Spells              Type           Power        Failure   Level  Hunger
a - Olgreb's Toxic Radia  Pois           #######.     1%          4    None
b - Poisonous Vapours     Pois/Air       ######       0%          2    None
c - Mephitic Cloud        Conj/Pois/Air  ########     0%          3    None
d - Passwall              Tmut/Erth      #######.     1%          2    None
e - Summon Lightning Spi  Summ/Air       ########     1%          4    None
f - Swiftness             Chrm/Air       ########     0%          2    None
g - Regeneration          Chrm/Necr      ######....   1%          3    None
h - Shroud of Golubria    Chrm/Tloc      ######....   1%          2    None
i - Tornado               Air            ########..   7%          9    ######.
j - Apportation           Tloc           #####.       1%          1    None
k - Lightning Bolt        Conj/Air       ########..   1%          5    None
l - Airstrike             Air            ########..   0%          4    None
m - Summon Butterflies    Summ           ######..     1%          1    None
n - Ignite Poison         Fire/Tmut/Pois #######.     1%          3    None
o - Blink                 Tloc           N/A          1%          2    None
p - Conjure Ball Lightni  Conj/Air       ########..   1%          6    None
q - Deflect Missiles      Chrm/Air       ########..   1%          6    None
r - Statue Form           Tmut/Erth      #######..    3%          6    None

Your spell library contained the following spells:

 Spells                   Type           Power        Failure   Level  Hunger
 Beastly Appendage        Tmut           ######       0%          1    None
 Shock                    Conj/Air       ####         0%          1    None
 Sticks to Snakes         Tmut           ########     0%          2    None
 Static Discharge         Conj/Air       ########     0%          3    None
 Animate Skeleton         Necr           N/A          1%          1    None
 Confusing Touch          Hex            #####.       1%          1    None
 Corona                   Hex            #####..      1%          1    None
 Flame Tongue             Conj/Fire      #####        1%          1    None
 Freeze                   Ice            ####         1%          1    None
 Infusion                 Chrm           ####         1%          1    None
 Magic Dart               Conj           ####         1%          1    None
 Sandblast                Erth           ######       1%          1    None
 Sting                    Conj/Pois      ####         1%          1    None
 Summon Small Mammal      Summ           ####         1%          1    None
 Call Imp                 Summ           ######..     1%          2    None
 Corpse Rot               Necr           N/A          1%          2    None
 Ensorcelled Hibernation  Hex/Ice        #####.       1%          2    None
 Searing Ray              Conj           ######       1%          2    None
 Slow                     Hex            #####...     1%          2    None
 Song of Slaying          Chrm           ######..     1%          2    None
 Sublimation of Blood     Necr           #####.....   1%          2    None
 Throw Flame              Conj/Fire      ######       1%          2    None
 Throw Frost              Conj/Ice       ######       1%          2    None
 Call Canine Familiar     Summ           ######..     1%          3    None
 Conjure Flame            Conj/Fire      ######..     1%          3    None
 Dazzling Spray           Conj/Hex       ######       1%          3    None
 Ozocubu's Armour         Chrm/Ice       ######..     1%          3    None
 Recall                   Summ/Tloc      N/A          1%          3    None
 Spectral Weapon          Hex/Chrm       ######..     1%          3    None
 Spider Form              Tmut/Pois      #######...   1%          3    None
 Stone Arrow              Conj/Erth      ######       1%          3    None
 Summon Guardian Golem    Hex/Summ       ######..     1%          3    None
 Confuse                  Hex            #####...     3%          3    None
 Gell's Gravitas          Tloc           #####.....   3%          3    None
 Inner Flame              Hex/Fire       #####...     3%          3    None
 Lesser Beckoning         Tloc           #####.....   3%          3    None
 Portal Projectile        Hex/Tloc       #####.       3%          3    None
 Tukima's Dance           Hex            #####...     3%          3    None
 Vampiric Draining        Necr           #####.....   3%          3    None
 Ice Form                 Ice/Tmut       #######.     1%          4    None
 Iskenderun's Mystic Bla  Conj           #######.     1%          4    None
 Petrify                  Tmut/Erth      #######.     1%          4    None
 Alistair's Intoxication  Tmut/Pois      #######.     1%          5    None
 Blade Hands              Tmut           ########..   1%          5    None
 Irradiate                Conj/Tmut      #######...   1%          5    None
 Silence                  Hex/Air        #######...   1%          5    None
 Venom Bolt               Conj/Pois      #######...   1%          5    None
 Yara's Violent Unravell  Hex/Tmut       #######...   1%          5    None
 Hydra Form               Tmut           ########..   1%          6    None
 Freezing Cloud           Conj/Ice/Air   #######...   2%          6    None
 Force Lance              Conj/Tloc      ######..     3%          4    None
 Fulminant Prism          Conj/Hex       ######....   3%          4    None
 Sticky Flame             Conj/Fire      ######..     3%          4    None
 Throw Icicle             Conj/Ice       ######..     3%          4    None
 Iskenderun's Battlesphe  Conj/Chrm      #######.     3%          5    None
 Dragon Form              Tmut           ########..   3%          7    ###....
 Leda's Liquefaction      Hex/Erth       ######....   4%          4    None
 Lee's Rapid Deconstruct  Erth           ######....   4%          5    None
 Poison Arrow             Conj/Pois      #######...   4%          6    None
 Summon Ice Beast         Ice/Summ       ######..     7%          4    None
 Bolt of Magma            Conj/Fire/Erth ######....   7%          5    None
 Bolt of Draining         Conj/Necr      ######....   9%          5    None
 Fireball                 Conj/Fire      ######....   9%          5    None
 Aura of Abjuration       Summ           ######....   11%         5    None
 Cause Fear               Hex            #####.....   13%         4    None
 Borgnjor's Vile Clutch   Necr/Erth      ######....   13%         5    None
 Excruciating Wounds      Chrm/Necr      ######....   13%         5    None
 Chain Lightning          Conj/Air       ########..   14%         8    #####..
 Iron Shot                Conj/Erth      #######...   17%         6    None
 Summon Forest            Summ/Tloc      ######....   19%         5    None
 Summon Mana Viper        Hex/Summ       ######..     19%         5    None
 Agony                    Necr           #####...     34%         5    None
 Dispel Undead            Necr           #####...     34%         5    None
 Metabolic Englaciation   Hex/Ice        #####.....   34%         5    None
 Bolt of Fire             Conj/Fire      ######....   43%         6    None
 Shadow Creatures         Summ           N/A          50%         6    None
 Orb of Destruction       Conj           #######...   52%         7    ###....
 Spellforged Servitor     Conj/Summ      ######....   80%         7    ###....
 Darkness                 Hex            #####.....   89%         6    None
 Death Channel            Necr           #####.....   89%         6    None
 Invisibility             Hex            #####...     89%         6    None
 Ozocubu's Refrigeration  Ice            #####.....   89%         6    None
 Simulacrum               Ice/Necr       #####.....   89%         6    None
 Summon Hydra             Summ           ######....   97%         7    ###....
 Ring of Flames           Chrm/Fire      ######....   98%         7    ###....
 Haunt                    Necr/Summ      ######....   99%         7    ###....
 Malign Gateway           Summ/Tloc      ######....   99%         7    ###....
 Necromutation            Tmut/Necr      #######...   99%         8    #####..
 Borgnjor's Revivificati  Necr           #####.....   100%        8    #####..
 Controlled Blink         Tloc           N/A          100%        8    #####..
 Death's Door             Chrm/Necr      ######....   100%        8    #####..
 Discord                  Hex            #####.....   100%        8    #####..
 Disjunction              Tloc           #####.....   100%        8    #####..
 Ignition                 Fire           #####.....   100%        8    #####..
 Infestation              Necr           #####.....   100%        8    #####..
 Lehudib's Crystal Spear  Conj/Erth      #######...   100%        8    #####..
 Glaciate                 Conj/Ice       ######....   100%        9    ######.
 Shatter                  Erth           ######....   100%        9    ######.
 Passage of Golubria      Tloc           Unusable     N/A         4    N/A

Dungeon Overview and Level Annotations

Branches:
Dungeon (15/15)            Temple (1/1) D:7            Lair (6/6) D:8
  Swamp (4/4) Lair:2       Spider (4/4) Lair:3        Slime (0/5) Lair:6
    Orc (2/2) D:10            Elf (3/3) Orc:2        Vaults (5/5) D:14
  Crypt (3/3) Vaults:3       Tomb (0/3) Crypt:3      Depths (5/5) D:15
    Zot (5/5) Depths:5

Altars:
Ashenzari
Cheibriados
Dithmenos
Elyvilon
Fedhas
Gozag
Hepliaklqana
Kikubaaqudgha
Makhleb
Nemelex Xobeh
Okawaru
Qazlal
Ru
Sif Muna
Trog
Uskayaw
Vehumet
Wu Jian
Xom
Yredelemnul
Zin
The Shining One
Jiyva
Lugonu

Shops:
D:4 %   D:5 (   D:6 [   D:14 !   Orc:1 }=   Orc:2 [**:(   Elf:3 ?(}*!}
Vaults:2 *   Vaults:4 :   Depths:3 %   Depths:5 *

Portals:
Hell: Depths:1 Depths:2 Depths:3 Depths:4 Depths:5
Abyss: Depths:2 Depths:3 Depths:4 Depths:5
Pandemonium: Depths:1 Depths:2 Depths:3 Depths:5
Ziggurat: Depths:4

Annotations:
Swamp:2 2 transporters, SaintRoka's ghost, journeyman GrMo
Vaults:3 exclusion: downstairs
Depths:4 1 runed door, Linahiep's ghost, veteran DEHu


Innate Abilities, Weirdness & Mutations

Shadows flee at your approach. (+LOS)
You can swim through water.
You cover ground slowly.
You can hop long distances.
You have sharp toenails.
You are partially covered in rugged brown scales. (AC +1, +3% HP)
You possess an exceptional clarity of mind.
Your body sometimes deteriorates upon taking damage.


Message History

You feel a surge of power!
An electric hum fills the air.
As you read the scroll of fog, it crumbles to dust.
The scroll dissolves into smoke.
Something hits your butterfly.
Your butterfly dies!
You hear a grinding noise.
Something hits your lightning spire!!
You hear a grinding noise.
Okay, then.
Your blink will be uncontrolled - continue anyway?
The Orb prevents control of your translocation!
You blink.
As you read the scroll of blinking, it crumbles to dust.
There is an open door here.
As you close the door, it creaks loudly!
Qippitz opens the door.
Hop to where?
Press: ? - help, Dir - move target cursor Boing!
You hear a grinding noise.
You have escaped!

.# #...#.###[.....b##.&..........
.###...#..###..##.####'#.......##
.......##........§.# #.#########
.......##..≈≈≈≈§≈§.# #.#
####.####..≈.....≈.###.# ...#.#
#..≈.........§.### ...#.#
#..§..≈≈≈≈§≈≈....#
..##.####..≈..≈.....≈....#
...#...##..≈....@≈..≈..^.##
...###.##..≈≈≈≈≈≈≈..≈.....#
...###..............≈.....#
.......#...##.≈.....≈.....##
..####.#....#.≈§≈≈≈≈≈......# ###
#.####>#..............# #####.#
#............#...# #.....#
##############...# #.##### #...#


There were no monsters in sight!

Vanquished Creatures
  6 ancient liches (Zot:5)
  4 orbs of fire (Zot:5)
  Boris (Vaults:4)
  Saint Roka (Elf:2)
  the Lernaean hydra (Swamp:4)
  Xtahua (Crypt:3)
  3 Killer Klowns
  2 curse toes (Zot:2)
  8 golden dragons
  2 profane servitors
  Jory (Crypt:3)
  A bone dragon (Depths:5)
  Arachne (Spider:2)
  4 electric golems
  14 tentacled monstrosities
  25 Orb Guardians
  Asterion (Spider:1)
  14 quicksilver dragons
  4 titans (Vaults:5)
  2 deep elf blademasters (Elf:3)
  6 death cobs
  10 sphinxes
  Frances (Elf:1)
  Gastronok (Lair:2)
  4 thorn hunters
  4 tengu reavers
  9 shadow dragons
  Donald (Elf:2)
  A revenant (Crypt:3)
  14 storm dragons
  8 fire giants
  6 draconian knights
  Roxanne (Elf:1)
  6 draconian monks
  11 frost giants
  8 deep elf sorcerers
  2 draconian scorchers
  An orc warlord (Orc:1)
  5 vault wardens
  2 draconian shifters
  Louise (Depths:2)
  5 ghost moths
  An emperor scorpion (Spider:4)
  A juggernaut zombie (Depths:3)
  8 deep elf elementalists
  5 draconian stormcallers
  A large abomination (Vaults:5)
  The ghost of Bidgh the Spry, a journeyman MfGl of Trog (Lair:6)
  2 spriggan defenders (Depths:2)
  13 vampire knights
  The ghost of Xiuc Ipu the Brawler, a journeyman TrMo of Makhleb (Swamp:4)
  2 draconian annihilators
  9 ironheart preservers
  2 war gargoyles (Vaults:5)
  3 entropy weavers
  17 stone giants
  2 caustic shrike skeletons
  5 ghouls
  A juggernaut skeleton (Crypt:2)
  9 very ugly things
  8 green draconians
  Azrael (D:12)
  9 deep elf annihilators
  5 deep elf demonologists
  6 dire elephants (Lair:6)
  9 black draconians
  11 yellow draconians
  29 purple draconians
  8 red draconians
  A minotaur (Lab)
  3 spark wasps
  5 white draconians
  6 eidola
  Josephine (D:13)
  6 deep elf death magi
  2 deep elf high priests (Elf:3)
  A crystal guardian (Vaults:3)
  10 ettins
  A merfolk javelineer (Depths:3)
  11 jiangshi
  15 yaktaur captains
  A merfolk impaler (Depths:2)
  9 fire dragons
  4 rakshasas
  6 great orbs of eyes
  A quicksilver dragon skeleton (Crypt:1)
  9 ice dragons
  37 vault guards
  32 hydras
  The ghost of Harpaggios the Martial Artist, a journeyman GnTm of Yredelemnul (Lair:1)
  3 ghost crabs
  A hell beast (Depths:2)
  12 centaur warriors
  9 ogre magi
  Erica (Lair:2)
  5 alligators
  An anaconda (Lair:6)
  32 two-headed ogres
  6 deep troll shamans
  A tengu warrior (Depths:2)
  28 dancing weapons
  8 death knights
  The ghost of whitewolfNL the Cleaver, a novice MiBe of Trog (Orc:1)
  A queen ant (Spider:1)
  7 deep troll earth magi
  Urug (Lair:4)
  2 death yaks
  3 orc high priests
  18 vampire magi
  A spriggan berserker (Depths:5)
  3 soul eaters
  8 spriggans
  18 deep elf knights
  A sun demon (Depths:3)
  8 skeletal warriors
  2 storm dragon zombies
  Sonja (D:10)
  An iron troll (Depths:5)
  2 shadow wraiths
  3 sixfirhies
  A salamander mystic (Depths:2)
  4 golden dragon zombies (Crypt:3)
  An iron giant zombie (Crypt:2)
  A storm dragon skeleton (Crypt:1)
  25 deep trolls
  18 hell knights
  4 flayed ghosts
  3 unseen horrors
  4 glowing orange brains
  A tengu zombie (Depths:3)
  A quicksilver dragon simulacrum (Crypt:2)
  13 deep elf archers
  An obsidian statue (Vaults:3)
  10 wizards
  2 shambling mangroves
  2 shadow demons
  An iron dragon zombie (Depths:2)
  12 ironbrand convokers
  A sphinx zombie (Depths:2)
  10 swamp dragons
  A lindwurm (Lair:5)
  19 orc knights
  9 harpies
  2 orb spiders (shapeshifter)
  9 necromancers
  A golden dragon skeleton (Depths:3)
  A shining eye (shapeshifter) (Vaults:5)
  31 phantasmal warriors
  A wolf spider zombie (D:14)
  54 deep elf magi
  2 salamanders (shapeshifter)
  27 wolf spiders
  2 cyclopes
  8 orb spiders
  5 orc sorcerers
  2 fire giant zombies
  3 oklob plants (Lair:1)
  2 stone giant zombies
  A frost giant zombie (Crypt:2)
  3 salamanders (Depths:2)
  38 ugly things
  A guardian serpent (shapeshifter) (Depths:3)
  9 manticores
  21 moths of wrath
  A stone giant skeleton (Depths:2)
  A naga mage (Depths:5)
  6 black mambas
  A torpor snail (Spider:1)
  A black mamba (shapeshifter) (Vaults:4)
  2 rust devils
  15 elephants
  A frost giant skeleton (Depths:3)
  3 molten gargoyles (Depths:2)
  An alligator snapping turtle zombie (Crypt:2)
  16 vault sentinels
  3 smoke demons
  3 gargoyles
  An ice statue (Lair:6)
  15 spiny frogs
  An orange demon (Depths:3)
  A yaktaur zombie (Vaults:4)
  A rime drake (Lair:3)
  A centaur skeleton (D:15)
  A hellion (Depths:3)
  8 demonic crawlers
  A purple draconian zombie (Crypt:1)
  An efreet (D:13)
  A tormentor (Depths:3)
  An alligator snapping turtle skeleton (Crypt:1)
  5 hellwings
  4 komodo dragons
  A harpy zombie (Crypt:3)
  9 freezing wraiths
  An ice devil (Depths:3)
  A queen ant zombie (Crypt:2)
  32 yaktaurs
  3 tengu conjurers
  3 red devils
  5 polar bears
  5 trolls
  10 tyrant leeches
  27 hornets
  31 jumping spiders
  3 wind drakes (Depths:2)
  2 hornets (shapeshifter)
  17 blink frogs
  17 bog bodies
  13 hippogriffs
  4 dream sheep
  A guardian serpent zombie (Crypt:3)
  34 slime creatures
  An elf zombie (Depths:2)
  A fire giant simulacrum (Vaults:4)
  74 redbacks
  5 air elementals
  21 tarantellas
  6 shadows
  19 wraiths
  5 wyverns
  A ynoxinul (D:5)
  11 water elementals
  A dire elephant simulacrum (Crypt:1)
  2 humans (shapeshifter)
  57 yaks
  A spriggan (shapeshifter) (Elf:3)
  20 vampires
  3 hogs (D:7)
  A human (D:7)
  11 fire elementals
  A wyvern (shapeshifter) (Vaults:3)
  4 basilisks
  A golden eye (shapeshifter) (Depths:1)
  A steam dragon (Lair:2)
  2 neqoxecs
  A hog (shapeshifter) (Vaults:1)
  8 vampire mosquitoes
  8 hungry ghosts
  3 chaos spawn
  12 wargs
  3 insubstantial wisps
  11 water moccasins
  8 soldier ants
  An acid dragon (Vaults:2)
  2 monstrous demonspawn zombies (Crypt:1)
  6 hell hounds
  16 swamp worms
  A floating eye (shapeshifter) (Depths:5)
  A faun skeleton (Crypt:2)
  8 porcupines
  A human skeleton (Depths:2)
  12 swamp drakes
  60 orc warriors
  13 ice beasts
  7 sky beasts
  2 black bears
  2 eyes of draining
  2 human zombies (Vaults:4)
  2 eyes of draining (shapeshifter)
  3 phantoms
  33 ogres
  A fire dragon simulacrum (Crypt:1)
  2 necrophages
  18 centaurs
  10 wolves
  3 boggarts (Vaults:3)
  26 crocodiles
  5 big kobolds
  17 bullfrogs
  Blork the orc (D:4)
  An ogre simulacrum (Vaults:1)
  6 earth elementals
  A cyclops zombie (Crypt:1)
  An elf skeleton (Crypt:2)
  A wyvern zombie (D:13)
  A wyvern skeleton (D:8)
  5 scorpions
  10 killer bees
  8 wights
  A warg skeleton (Crypt:3)
  4 electric eels
  3 howler monkeys
  2 bullfrog zombies
  4 centaur zombies
  A basilisk zombie (Crypt:1)
  6 crimson imps
  4 hounds
  3 jellies
  Crazy Yiuf (D:2)
  6 bullfrog skeletons
  26 orc priests
  A demonspawn skeleton (Crypt:3)
  An iron imp (D:5)
  Jessica (D:3)
  Ijyb (D:3)
  4 iguanas
  33 orc wizards
  25 worker ants
  A killer bee zombie (D:7)
  A sky beast zombie (Crypt:3)
  A hound zombie (D:10)
  A hound skeleton (D:10)
  3 gnolls (D:9)
  5 adders
  2 shadow imps
  2 white imps
  An ufetubus (D:2)
  An ooze (D:4)
  An adder zombie (D:8)
  A worm (D:6)
  2 adder skeletons
  3 dart slugs (D:1)
  6 leopard geckos
  125 orcs
  6 giant cockroaches
  2 goblins (D:1)
  3 hobgoblins
  7 jackals
  2 quokkas
  7 bats
  2 frilled lizards
  A frilled lizard zombie (Crypt:2)
  A jackal skeleton (Crypt:2)
  26 kobolds
  2 quokka skeletons
  3 rats
  6 crawling corpses (Vaults:5)
  3 fire vortices (Depths:2)
  4 fungi
  5 plants
2359 creatures vanquished.

Vanquished Creatures (collateral kills)
  Sojobo (Vaults:4)
  A golden dragon (Zot:5)
  A lich (Depths:4)
  3 Orb Guardians (Zot:5)
  3 quicksilver dragons
  A tengu reaver (Vaults:4)
  A thorn hunter (Swamp:3)
  A shadow dragon (Vaults:5)
  3 revenants
  2 emperor scorpions (Spider:4)
  A vault warden (Vaults:2)
  A draconian stormcaller (Zot:4)
  A draconian annihilator (Depths:5)
  2 very ugly things
  5 stone giants
  A deep elf demonologist (Elf:3)
  6 vampire knights
  A purple draconian (Zot:4)
  A deep elf annihilator (Elf:3)
  5 entropy weavers
  An eidolon (Crypt:2)
  A red draconian (Zot:1)
  2 deep elf death magi
  7 jiangshi
  An ettin (Depths:4)
  3 fire dragons
  4 hydras
  A vault guard (Vaults:2)
  2 rakshasas
  2 death knights
  5 alligators
  2 ogre magi
  A two-headed ogre (Depths:1)
  A death yak (Lair:5)
  2 deep troll shamans (Depths:5)
  A deep troll earth mage (Depths:2)
  A titan zombie (Crypt:3)
  A vampire mage (Crypt:1)
  A spriggan berserker (Depths:2)
  An orc high priest (Orc:1)
  2 storm dragon zombies (Crypt:3)
  A naga sharpshooter (Depths:5)
  The ghost of Jaiteiro the Magician, a novice GnSk of Okawaru (D:7)
  A shadow wraith (Crypt:3)
  7 skeletal warriors
  A spriggan druid (Swamp:4)
  A shambling mangrove (Swamp:2)
  A deep troll (Depths:2)
  A deep elf archer (Elf:3)
  2 orc knights
  3 deep elf magi
  A golden dragon skeleton (Crypt:2)
  An iron giant skeleton (Crypt:1)
  A necromancer (Crypt:2)
  2 harpies (Depths:3)
  4 wolf spiders
  2 orb spiders (Spider:4)
  An orc sorcerer (Orc:2)
  2 ugly things
  A fire giant zombie (Crypt:2)
  2 manticores (Depths:3)
  2 torpor snails
  An iron dragon skeleton (Depths:3)
  A dire elephant zombie (Crypt:3)
  An orange demon (Depths:3)
  2 spiny frogs
  The ghost of OwlQaeda the Charmwright, a novice MfSk of Yredelemnul (D:4)
  A freezing wraith (Vaults:3)
  3 demonic crawlers
  A spriggan skeleton (Depths:2)
  A yaktaur (Vaults:2)
  4 jumping spiders
  2 trolls
  2 hornets
  4 bog bodies
  8 slime creatures
  2 elf skeletons
  10 redbacks
  2 spriggans
  A fire elemental (D:12)
  5 tarantellas (Spider:4)
  A wraith (Crypt:1)
  2 vampires (Crypt:3)
  A vampire mosquito (Swamp:3)
  A warg (Orc:1)
  A soldier ant (Spider:1)
  2 hell hounds
  2 swamp worms
  An infernal demonspawn zombie (Crypt:3)
  A monstrous demonspawn skeleton (Crypt:3)
  4 swamp drakes
  11 orc warriors
  A necrophage (Crypt:2)
  3 centaurs (Depths:1)
  4 ogres
  2 orc priests (Orc:1)
  6 orc wizards
  A mummy (D:7)
  An iguana skeleton (Crypt:3)
  3 orcs (Orc:1)
  A kobold (D:4)
222 creatures vanquished.

Vanquished Creatures (others)
  An ancient lich (Vaults:4)
  A vault guard (Vaults:5)
  A wolf spider (Spider:4)
  3 moths of wrath (Zot:5)
  40 ball lightnings
  A hornet (Vaults:5)
  A water elemental (Elf:2)
  An ogre (Vaults:5)
  A bullfrog zombie (D:12)
  7 briar patches (Depths:2)
  3 bushes (Lair:1)
  36 fungi
  37 plants
  10 spectral weapons
  2 withered plants (Depths:4)
145 creatures vanquished.

Grand Total: 2726 creatures vanquished

Notes
Turn   | Place    | Note
-------+----------+-------------------------------------------
     0 | D:1      | Torikoriko the Barachi Venom Mage began the quest for the
                  | Orb.
     0 | D:1      | Reached XP level 1. HP: 13/13 MP: 3/3
   142 | D:1      | Reached XP level 2. HP: 20/20 MP: 0/5
   334 | D:1      | Reached skill level 1 in Fighting
   374 | D:1      | Learned a level 2 spell: Poisonous Vapours
   569 | D:1      | Reached XP level 3. HP: 26/26 MP: 3/6
  1282 | D:2      | Found a runed door.
  1288 | D:2      | Learned a level 3 spell: Mephitic Cloud
  1343 | D:2      | Found a stormy altar of Qazlal.
  1635 | D:3      | Reached skill level 1 in Air Magic
  1717 | D:3      | Found a blossoming altar of Fedhas.
  1820 | D:3      | Found an ornate altar of the Wu Jian Council.
  1878 | D:3      | Noticed Jessica
  1883 | D:3      | Killed Jessica
  1883 | D:3      | Reached XP level 4. HP: 32/32 MP: 1/8
  1998 | D:3      | Noticed a water moccasin
  2678 | D:3      | Noticed Ijyb
  2690 | D:3      | Killed Ijyb
  2827 | D:4      | Found a runed gate.
  2828 | D:4      | Noticed a big kobold
  2834 | D:4      | Noticed OwlQaeda's ghost (novice MfSk)
  2853 | D:4      | Found a runed gate.
  2853 | D:4      | Found a runed gate.
  2863 | D:4      | Reached XP level 5. HP: 38/38 MP: 4/9
  3063 | D:4      | Noticed Blork the orc
  3548 | D:4      | Found an iron altar of Okawaru.
  3565 | D:4      | Killed Blork the orc
  3565 | D:4      | Reached XP level 6. HP: 33/45 MP: 3/10
  3905 | D:4      | Reached skill level 5 in Poison Magic
  4073 | D:4      | Found Soatopo's Food Shoppe.
  4320 | D:5      | Entered Level 5 of the Dungeon
  4343 | D:5      | Found Piteu's Weapon Shoppe.
  4343 | D:5      | Noticed a two-headed ogre
  4371 | D:5      | Killed a two-headed ogre
  4371 | D:5      | Reached skill level 5 in Air Magic
  4371 | D:5      | Reached XP level 7. HP: 26/53 MP: 0/13
  4371 | D:5      | Reached XP level 8. HP: 29/60 MP: 0/14
  5961 | D:5      | Reached skill level 5 in Dodging
  6171 | D:6      | Reached skill level 5 in Fighting
  6288 | D:6      | Reached skill level 5 in Spellcasting
  6445 | D:6      | Found Herewil's Antique Armour Emporium.
  6706 | D:6      | Learned a level 4 spell: Olgreb's Toxic Radiance
  6803 | D:5      | Reached XP level 9. HP: 56/69 MP: 14/17
  7509 | D:2      | Noticed Crazy Yiuf
  7514 | D:2      | Killed Crazy Yiuf
  7910 | D:7      | Found a staircase to the Ecumenical Temple.
  7918 | Temple   | Entered the Ecumenical Temple
  8057 | Temple   | Became a worshipper of Sif Muna the Loreminder
  8161 | D:7      | Found a transporter.
  8161 | D:7      | Noticed Jaiteiro's ghost (novice GnSk)
  8166 | D:7      | Found a transporter.
  8973 | D:7      | Got a jewelled falchion
  8975 | D:7      | Identified the +6 falchion "Huigres" {freeze, Stlth+} (You
                  | found it on level 7 of the Dungeon)
  9188 | D:7      | Identified the +10 hand axe of Action {flame, rPois Str+4
                  | Int-2 Dex+4} (You found it on level 7 of the Dungeon)
  9537 | D:7      | Reached * piety under Sif Muna
  9537 | D:7      | Reached XP level 10. HP: 76/80 MP: 17/20
 10117 | D:8      | Found a burning altar of Makhleb.
 10146 | D:8      | Found a staircase to the Lair.
 10902 | D:9      | Noticed a two-headed ogre
 10917 | D:9      | Killed a two-headed ogre
 10917 | D:9      | Reached ** piety under Sif Muna
 11072 | D:9      | Noticed a two-headed ogre
 11084 | D:9      | Killed a two-headed ogre
 11531 | D:9      | Noticed a two-headed ogre
 11546 | D:9      | Killed a two-headed ogre
 11546 | D:9      | Reached XP level 11. HP: 70/90 MP: 11/23
 11695 | D:9      | Reached skill level 10 in Fighting
 11774 | D:9      | Found a sacrificial altar of Ru.
 11867 | D:9      | Found a blossoming altar of Fedhas.
 11867 | D:9      | Found a radiant altar of Vehumet.
 12013 | D:10     | Entered Level 10 of the Dungeon
 12174 | D:10     | Reached *** piety under Sif Muna
 12323 | D:10     | Reached skill level 1 in Evocations
 12795 | D:10     | Noticed Sonja
 12799 | D:10     | Killed Sonja
 12966 | D:10     | Found a staircase to the Orcish Mines.
 13141 | D:11     | Noticed a red ugly thing
 13144 | D:11     | Reached skill level 10 in Dodging
 13325 | Lair:1   | Entered Level 1 of the Lair of Beasts
 13452 | Lair:1   | Identified a scroll of acquirement
 13866 | Lair:1   | Noticed an oklob plant
 13867 | Lair:1   | Noticed an oklob plant
 13867 | Lair:1   | Noticed an oklob plant
 13885 | Lair:1   | Reached **** piety under Sif Muna
 13889 | Lair:1   | Reached XP level 12. HP: 95/100 MP: 17/25
 14300 | Lair:1   | Reached skill level 10 in Spellcasting
 14534 | Lair:1   | Found a runed gate.
 14535 | Lair:1   | Found a runed gate.
 14558 | Lair:1   | Found a runed gate.
 14569 | Lair:1   | Noticed Harpaggios's ghost (journeyman GnTm)
 15852 | Lair:2   | Found a staircase to the Swamp.
 15879 | Lair:2   | Noticed Gastronok
 15933 | Lair:2   | Found a labyrinth entrance.
 15943 | Lab      | Entered a labyrinth
 16456 | Lab      | Noticed a minotaur
 16482 | Lab      | Killed a minotaur
 16501 | Lab      | Identified the Almanac of the Rocks
 16734 | Lair:2   | Noticed Erica
 16752 | Lair:2   | Killed Erica
 16752 | Lair:2   | Reached skill level 1 in Shields
 16752 | Lair:2   | Reached skill level 10 in Poison Magic
 16973 | Lair:2   | Reached skill level 2 in Shields
 17218 | Lair:2   | Reached skill level 3 in Shields
 17223 | Lair:2   | Reached ***** piety under Sif Muna
 17384 | Lair:2   | Reached skill level 4 in Shields
 17386 | Lair:2   | Received a gift from Sif Muna
 17486 | Lair:2   | Learned a level 2 spell: Passwall
 17660 | Lair:2   | Killed Gastronok
 17660 | Lair:2   | Reached skill level 5 in Shields
 17660 | Lair:2   | Gained mutation: You can hop long distances. [Barachi
                  | growth]
 17660 | Lair:2   | Reached XP level 13. HP: 70/109 MP: 14/28
 18076 | Lair:3   | Found a hole to the Spider Nest.
 19334 | Lair:4   | Reached skill level 6 in Shields
 19936 | Lair:4   | Reached skill level 7 in Shields
 20060 | Lair:4   | Noticed Urug
 20076 | Lair:4   | Killed Urug
 20903 | Lair:5   | Reached skill level 8 in Shields
 22336 | Lair:6   | Entered Level 6 of the Lair of Beasts
 22476 | Lair:5   | Reached skill level 9 in Shields
 23120 | Lair:5   | Reached XP level 14. HP: 29/118 MP: 10/29
 23624 | Lair:6   | Reached skill level 10 in Shields
 23914 | Lair:6   | Found a viscous altar of Jiyva.
 23914 | Lair:6   | Found a staircase to the Slime Pits.
 24146 | Lair:6   | Found a runed door.
 24147 | Lair:6   | Found a shimmering altar of Xom.
 24147 | Lair:6   | Noticed Bidgh's ghost (journeyman MfGl)
 25177 | Lair:6   | Learned a level 4 spell: Summon Lightning Spire
 25735 | Lair:6   | Reached skill level 1 in Summonings
 26086 | Lair:6   | Noticed a dire elephant
 26148 | Lair:6   | Killed a dire elephant
 26430 | Lair:6   | Noticed a dire elephant
 26430 | Lair:6   | Noticed a dire elephant
 26455 | Lair:6   | Killed a dire elephant
 26455 | Lair:6   | Reached skill level 11 in Shields
 26460 | Lair:6   | Killed a dire elephant
 26671 | Lair:6   | Noticed a dire elephant
 26674 | Lair:6   | Noticed a dire elephant
 26679 | Lair:6   | Noticed a dire elephant
 26712 | Lair:6   | Killed a dire elephant
 26738 | Lair:6   | Killed a dire elephant
 26742 | Lair:6   | Killed a dire elephant
 27028 | Spider:1 | Entered Level 1 of the Spider Nest
 27052 | Lair:3   | Identified Sif Muna's Reference Book on the Enthralling
                  | Frostbite (Sif Muna gifted it to you on level 3 of the Lair
                  | of Beasts)
 27052 | Lair:3   | Received a gift from Sif Muna
 27520 | Spider:1 | Noticed an entropy weaver
 27620 | Lair:3   | Killed an entropy weaver
 28049 | Spider:1 | Reached skill level 10 in Air Magic
 28283 | Spider:1 | Noticed an entropy weaver
 28287 | Spider:1 | Noticed an entropy weaver
 28544 | Lair:3   | Killed an entropy weaver
 28544 | Lair:3   | Reached XP level 15. HP: 68/127 MP: 18/30
 28993 | Spider:1 | Reached skill level 12 in Shields
 30845 | Spider:2 | Noticed Arachne
 31728 | Spider:2 | Killed Arachne
 31728 | Spider:2 | Reached skill level 15 in Fighting
 31728 | Spider:2 | Reached skill level 13 in Shields
 31962 | Spider:2 | Received a gift from Sif Muna
 32147 | Spider:2 | Noticed Asterion
 32150 | Spider:2 | Noticed a balrug
 32700 | Spider:1 | Killed a ghost moth
 32904 | Spider:2 | Noticed a cacodemon
 32917 | Spider:1 | Noticed a balrug
 32938 | Spider:1 | Killed Asterion
 34562 | Spider:4 | Entered Level 4 of the Spider Nest
 35033 | Spider:4 | Reached skill level 14 in Shields
 35273 | Spider:4 | Reached XP level 16. HP: 121/136 MP: 13/31
 36677 | Spider:4 | Reached skill level 15 in Shields
 37663 | Spider:4 | Learned a level 3 spell: Call Canine Familiar
 37668 | Spider:4 | Learned a level 3 spell: Regeneration
 37671 | Spider:4 | Learned a level 2 spell: Shroud of Golubria
 37677 | Spider:4 | Learned a level 3 spell: Spectral Weapon
 37760 | Spider:4 | Reached skill level 1 in Charms
 37925 | Spider:4 | Got a gossamer rune of Zot
 38517 | Orc:1    | Entered Level 1 of the Orcish Mines
 38545 | Orc:1    | Received a gift from Sif Muna
 38561 | Orc:1    | Learned a level 1 spell: Apportation
 38703 | Orc:1    | Reached skill level 1 in Long Blades
 38926 | Orc:1    | Found a runed door.
 38931 | Orc:1    | Noticed whitewolfNL's ghost (novice MiBe)
 39119 | Orc:1    | Found Polonnit's Gadget Emporium.
 39128 | Orc:1    | Bought a wand of digging (14) for 576 gold pieces
 39276 | Orc:1    | Found Umodum's Jewellery Emporium.
 39310 | Orc:2    | Entered Level 2 of the Orcish Mines
 39310 | Orc:2    | Found Dom Ruerch's Antique Weapon Shop.
 40055 | Lair:6   | Got a heavily runed leather armour
 40066 | Lair:6   | Identified the cursed +0 leather armour of the Wasteland
                  | {Regen+ Str-4 Int+4} (You found it on level 6 of the Lair
                  | of Beasts)
 40791 | Orc:2    | Found Yfewk's General Store.
 41089 | Orc:2    | Found Siustyxkie's Book Shoppe.
 41240 | Orc:2    | Found Kerum's Antique Armour Shop.
 41248 | Orc:2    | Found a staircase to the Elven Halls.
 41334 | Orc:2    | Found an iron altar of Okawaru.
 41545 | Orc:2    | Found Haegarr's Assorted Antiques.
 41595 | Orc:2    | Bought a book of Air for 560 gold pieces
 41751 | D:6      | Bought a pair of transparent gloves for 247 gold pieces
 41758 | D:6      | Identified the cursed -1 pair of gloves of the Stars {-Tele
                  | rN+ Int+6} (You bought it in a shop on level 6 of the
                  | Dungeon)
 41887 | Swamp:1  | Entered Level 1 of the Swamp
 41916 | Lair:2   | Learned a level 5 spell: Lightning Bolt
 41921 | Lair:2   | Learned a level 4 spell: Airstrike
 42870 | Swamp:1  | Reached XP level 17. HP: 145/145 MP: 19/32
 44140 | Swamp:2  | Identified Haixuop's Catalogue of the Escort and
                  | Bewitchment
 44144 | Swamp:2  | Learned a level 1 spell: Summon Butterflies
 44243 | Swamp:2  | Reached skill level 5 in Charms
 44360 | Swamp:2  | Found a transporter.
 44360 | Swamp:2  | Noticed SaintRoka's ghost (journeyman GrMo)
 44362 | Swamp:2  | Found a transporter.
 44417 | Swamp:2  | Reached skill level 5 in Long Blades
 46460 | Swamp:4  | Entered Level 4 of the Swamp
 46601 | Swamp:4  | Identified Sif Muna's Guide on Confrontation and the Escort
                  | (Sif Muna gifted it to you on level 4 of the Swamp)
 46601 | Swamp:4  | Received a gift from Sif Muna
 47269 | Swamp:4  | Found a transporter.
 47272 | Swamp:4  | Found a transporter.
 47276 | Swamp:4  | Noticed Xiuc Ipu's ghost (journeyman TrMo)
 47292 | Swamp:4  | Found the macabre finger necklace {rN+}
 47618 | Swamp:4  | Reached skill level 5 in Conjurations
 48680 | Swamp:4  | Got a warped large shield
 48704 | Swamp:3  | Identified the +8 large shield "Nihyohov" {MR+ Stlth+} (You
                  | acquired it on level 4 of the Swamp)
 48899 | Swamp:4  | Noticed the 27-headed Lernaean hydra
 48926 | Swamp:4  | Killed the 27-headed Lernaean hydra
 48946 | Swamp:4  | Got a decaying rune of Zot
 49527 | D:11     | Reached XP level 18. HP: 155/155 MP: 30/34
 50098 | D:11     | Reached skill level 10 in Long Blades
 50375 | D:12     | Noticed Azrael
 50717 | D:12     | Identified Zosuri's Reference Book on Displaced Clay (Sif
                  | Muna gifted it to you on level 12 of the Dungeon)
 50717 | D:12     | Received a gift from Sif Muna
 50733 | D:12     | Killed Azrael
 50842 | D:12     | Learned a level 3 spell: Ignite Poison
 51373 | D:12     | Found a bloodstained altar of Trog.
 51373 | D:12     | Found a sacrificial altar of Ru.
 52050 | D:13     | Noticed Josephine
 52060 | D:13     | Killed Josephine
 52312 | D:13     | Reached skill level 16 in Shields
 53205 | D:14     | Found a gate to the Vaults.
 53322 | D:14     | Reached skill level 17 in Shields
 53636 | D:14     | Found Osyss's Distillery.
 53639 | D:14     | Bought a potion of heal wounds for 75 gold pieces
 53639 | D:14     | Bought a potion of curing for 45 gold pieces
 53639 | D:14     | Bought a potion of might for 60 gold pieces
 53639 | D:14     | Bought 2 potions of resistance for 300 gold pieces
 54350 | D:15     | Entered Level 15 of the Dungeon
 55006 | D:15     | Found a staircase to the Depths.
 55622 | Vaults:1 | Entered Level 1 of the Vaults
 56087 | Vaults:1 | Reached skill level 18 in Shields
 56124 | Vaults:1 | Identified Joudouh's Almanac of Dislocated Weightlessness
                  | (Sif Muna gifted it to you on level 1 of the Vaults)
 56124 | Vaults:1 | Received a gift from Sif Muna
 56404 | Vaults:1 | Reached skill level 1 in Invocations
 56410 | Vaults:1 | Reached XP level 19. HP: 161/161 MP: 17/35
 56810 | Vaults:1 | Learned a level 2 spell: Blink
 57734 | Vaults:2 | Found Detyicuw's General Store.
 57746 | Vaults:2 | Got a faintly glowing plate armour
 57757 | Vaults:2 | Identified the +0 plate armour of the Sea {Str+4} (You
                  | found it on level 2 of the Vaults)
 58178 | Vaults:2 | Reached skill level 19 in Shields
 59096 | Vaults:2 | Reached skill level 20 in Shields
 59228 | Vaults:2 | Identified the +1 pair of boots "Etriewk" {*Contam +Blink
                  | Dex+4} (You found it on level 2 of the Vaults)
 60340 | Vaults:3 | Found a staircase to the Crypt.
 60906 | Vaults:3 | Reached XP level 20. HP: 139/168 MP: 19/36
 62243 | Vaults:3 | Identified Sif Muna's Advanced Casting (Sif Muna gifted it
                  | to you on level 3 of the Vaults)
 62243 | Vaults:3 | Received a gift from Sif Muna
 63223 | Vaults:4 | Found Lemuiceg's Book Boutique.
 63721 | Vaults:4 | Reached skill level 15 in Air Magic
 63855 | Vaults:4 | Identified the +1 arbalest "Mirut" {flame, *Slow rPois rF++
                  | Int+4} (You found it on level 4 of the Vaults)
 64093 | Vaults:4 | Noticed Boris
 64315 | Vaults:4 | Received a gift from Sif Muna
 64330 | Vaults:4 | Noticed Sojobo
 65492 | Depths:1 | Entered Level 1 of the Depths
 65598 | Depths:1 | Found a gateway to Hell.
 66183 | Depths:1 | Reached XP level 21. HP: 154/174 MP: 28/38
 66544 | Depths:1 | Found a one-way gate leading to the halls of Pandemonium.
 66787 | Depths:1 | Got a bound lapis lazuli ring
 66788 | Depths:1 | Identified the ring of Tasam {+Inv rC- Int+4 Stlth+} (You
                  | found it on level 1 of the Depths)
 67515 | Depths:2 | Reached skill level 21 in Shields
 67804 | Depths:2 | Learned a level 2 spell: Swiftness
 67826 | Depths:2 | Learned a level 6 spell: Conjure Ball Lightning
 68119 | Depths:2 | Received a gift from Sif Muna
 69191 | Depths:2 | HP: 4/174 [deep troll earth mage/blast of rock fragments
                  | (30)]
 70145 | Depths:2 | Found a one-way gate to the infinite horrors of the Abyss.
 70961 | Depths:2 | Identified Sif Muna's Reference Book on the Arsonist
 70964 | Depths:2 | Identified the Almanac of Feathers
 72347 | Depths:3 | Identified Bifokhlika's Compendium of Doomed Venom (Sif
                  | Muna gifted it to you on level 3 of the Depths)
 72347 | Depths:3 | Received a gift from Sif Muna
 72349 | Depths:3 | Noticed Louise
 72558 | Depths:2 | Killed Louise
 73230 | Depths:3 | Found Olyfaizi's Food Boutique.
 73246 | Depths:3 | Reached XP level 22. HP: 182/182 MP: 40/40
 73939 | Depths:3 | Got a slimy diamond amulet
 73945 | Depths:3 | Identified the amulet "Letz" {Gourm rC- Str+4 Dex+4} (You
                  | found it on level 3 of the Depths)
 73948 | Depths:3 | Got a transparent golden ring
 73949 | Depths:3 | Identified the ring of Howkiug {rF+ rC+ Int+4 Dex+4} (You
                  | found it on level 3 of the Depths)
 74851 | Depths:4 | Noticed a golden dragon
 75493 | Depths:4 | Noticed a juggernaut
 75508 | Depths:4 | Noticed a golden dragon
 75512 | Depths:4 | Noticed a golden dragon
 75518 | Depths:4 | Killed a golden dragon
 75603 | Depths:4 | Reached skill level 15 in Spellcasting
 75621 | Depths:4 | Got an uncursed shimmering rapier {drain}
 75622 | Depths:4 | Identified the +9 rapier of Equilibrium {drain, rPois Str+2
                  | Int-2} (You took it off a yaktaur on level 4 of the Depths)
 75659 | Depths:4 | Found a gateway to a ziggurat.
 75826 | Depths:4 | Found a corrupted altar of Lugonu.
 75993 | Depths:4 | Found a runed door.
 75994 | Depths:4 | Noticed Linahiep's ghost (veteran DEHu)
 76046 | Depths:4 | Found a glowing golden altar of the Shining One.
 76100 | Depths:5 | Entered Level 5 of the Depths
 76564 | Depths:5 | Reached skill level 22 in Shields
 76851 | Depths:5 | Received a gift from Sif Muna
 77564 | Lair:6   | Killed Bidgh's ghost
 77987 | Swamp:4  | Killed Xiuc Ipu's ghost
 78218 | Lair:1   | Killed Harpaggios's ghost
 78440 | D:4      | Killed OwlQaeda's ghost
 78567 | D:7      | Killed Jaiteiro's ghost
 78718 | Orc:1    | Killed whitewolfNL's ghost
 78718 | Orc:1    | Reached XP level 23. HP: 190/190 MP: 23/42
 79327 | Depths:5 | Noticed a golden dragon
 79340 | Depths:5 | Killed a golden dragon
 79490 | Depths:5 | Found Otwydd's Serpentskin Sales.
 79747 | Depths:5 | Noticed a golden dragon
 79759 | Depths:5 | Killed a golden dragon
 79952 | Depths:5 | Found a gate to the Realm of Zot.
 80405 | Elf:1    | Entered Level 1 of the Elven Halls
 80405 | Elf:1    | Noticed Frances
 80415 | Elf:1    | Killed Frances
 81110 | Elf:1    | Learned a level 6 spell: Deflect Missiles
 81126 | Elf:1    | Noticed Roxanne
 81619 | Elf:1    | Killed Roxanne
 82255 | Elf:1    | Got an encrusted plate armour
 82256 | Elf:1    | Identified the +2 plate armour of Loss {rPois MR++} (You
                  | acquired it on level 1 of the Elven Halls)
 82608 | Elf:2    | Noticed Saint Roka
 82628 | Elf:2    | Killed Saint Roka
 82730 | Elf:2    | Found a huge runed gate.
 82730 | Elf:2    | Found a huge runed gate.
 82730 | Elf:2    | Found a huge runed gate.
 82774 | Elf:2    | Found a huge runed gate.
 82780 | Elf:2    | Found a huge runed gate.
 83014 | Elf:2    | Noticed Donald
 83029 | Elf:2    | Killed Donald
 84536 | Elf:2    | Identified Keytokle's Incunabulum of Toxins and Stolen
                  | Souls (Sif Muna gifted it to you on level 2 of the Elven
                  | Halls)
 84536 | Elf:2    | Received a gift from Sif Muna
 84883 | Elf:3    | Entered Level 3 of the Elven Halls
 84889 | Elf:3    | Found Varchuda's Gadget Shop.
 84928 | Elf:3    | Found Ymonuab's Distillery.
 84939 | Elf:3    | Bought a potion of heal wounds for 80 gold pieces
 84939 | Elf:3    | Bought a potion of might for 64 gold pieces
 84939 | Elf:3    | Bought a potion of agility for 64 gold pieces
 84962 | Elf:3    | Found Xul Ciup's Assorted Antiques.
 85227 | Elf:3    | Found Nuzuawk's Gadget Emporium.
 85552 | Elf:3    | Found Onyilu Nioni's Weapon Shoppe.
 85717 | Elf:3    | Found Ruudd's Magic Scroll Shoppe.
 85721 | Elf:3    | Bought a scroll of blinking for 105 gold pieces
 85721 | Elf:3    | Bought a scroll of blinking for 105 gold pieces
 85721 | Elf:3    | Bought a scroll of enchant armour for 105 gold pieces
 85721 | Elf:3    | Bought a scroll of enchant armour for 105 gold pieces
 86346 | Elf:3    | Reached XP level 24. HP: 155/197 MP: 15/43
 86394 | Elf:3    | Gained mutation: You tend to lose your temper in combat. [a
                  | cacodemon]
 87227 | Elf:3    | Identified Linnueph's Papyrus of Shifting Boosts
 87233 | Elf:3    | Identified the Collected Works on Summoning and the
                  | Arsonist
 87256 | Elf:3    | Got a blackened helmet
 87275 | Elf:3    | Identified the +1 helmet of Beyond {*Contam MR++} (You
                  | found it on level 3 of the Elven Halls)
 87286 | Elf:3    | Lost mutation: You tend to lose your temper in combat.
                  | [potion of mutation]
 87286 | Elf:3    | Gained mutation: You are somewhat resistant to further
                  | mutation. [potion of mutation]
 87286 | Elf:3    | Gained mutation: You have a pair of small horns on your
                  | head. [potion of mutation]
 87308 | Elf:3    | Identified the Reference Book on the Shifting Traveller
 87312 | Elf:3    | Gained mutation: You are occasionally teleported next to
                  | monsters. [mutagenic glow]
 87313 | Elf:3    | Identified Sif Muna's Volume of Mutagenic Ignition
 87319 | Elf:3    | Identified the cursed +2 hand crossbow of the Five Curses
                  | {venom, *Corrode Str+4 Dex+4} (You found it on level 3 of
                  | the Elven Halls)
 87488 | Elf:3    | Lost mutation: You are somewhat resistant to further
                  | mutation. [potion of mutation]
 87488 | Elf:3    | Lost mutation: You have a pair of small horns on your head.
                  | [potion of mutation]
 87488 | Elf:3    | Gained mutation: You are surrounded by a mild repulsion
                  | field. (EV +2) [potion of mutation]
 87488 | Elf:3    | Gained mutation: You are dopey. (Int -2) [potion of
                  | mutation]
 87488 | Elf:3    | Gained mutation: You possess an exceptional clarity of
                  | mind. [potion of mutation]
 87489 | Elf:3    | Lost mutation: You are dopey. (Int -2) [potion of mutation]
 87489 | Elf:3    | Lost mutation: You are surrounded by a mild repulsion
                  | field. (EV +2) [potion of mutation]
 87489 | Elf:3    | Lost mutation: You possess an exceptional clarity of mind.
                  | [potion of mutation]
 87489 | Elf:3    | Gained mutation: You are robust. (+10% HP) [potion of
                  | mutation]
 87489 | Elf:3    | Gained mutation: Your flesh is heat resistant. (rF+)
                  | [potion of mutation]
 87490 | Elf:3    | Lost mutation: You are robust. (+10% HP) [potion of
                  | mutation]
 87490 | Elf:3    | Lost mutation: Your flesh is heat resistant. (rF+) [potion
                  | of mutation]
 87490 | Elf:3    | Lost mutation: You are occasionally teleported next to
                  | monsters. [potion of mutation]
 87490 | Elf:3    | Gained mutation: You are somewhat resistant to further
                  | mutation. [potion of mutation]
 88040 | Crypt:1  | Entered Level 1 of the Crypt
 88795 | Vaults:3 | Learned a level 3 spell: Tukima's Dance
 88873 | Crypt:1  | Reached skill level 23 in Shields
 91079 | Crypt:2  | Found a basalt altar of Yredelemnul.
 91180 | Crypt:2  | Received a gift from Sif Muna
 93661 | Crypt:2  | Found a basalt altar of Yredelemnul.
 94548 | Crypt:3  | Entered Level 3 of the Crypt
 94706 | Crypt:3  | Found a staircase to the Tomb.
 96670 | Crypt:3  | Noticed Xtahua
 96674 | Crypt:3  | Noticed Jory
 97227 | Crypt:3  | Killed Xtahua
 97443 | Crypt:2  | Identified the ring "Meraugel" {Str+4 Dex+3} (You took it
                  | off a vampire knight on level 2 of the Crypt)
 97474 | Crypt:3  | Reached XP level 25. HP: 196/204 MP: 37/44
 97516 | Crypt:3  | Received a gift from Sif Muna
 98853 | Crypt:3  | Identified Borgnjor's Guide on Darkness
 98987 | Crypt:3  | Identified the Collected Works on Blistering Necromancy
 99635 | Crypt:3  | Found a staircase to the Tomb.
 99691 | Crypt:3  | Killed Jory
100177 | Vaults:1 | Learned a level 9 spell: Tornado
100359 | Vaults:4 | Killed Boris
101018 | Vaults:4 | Found Lemuiceg's Book Boutique.
101467 | Vaults:4 | Killed Sojobo
101673 | Vaults:5 | Entered Level 5 of the Vaults
101989 | Vaults:5 | Identified Rin Jum's Volume of Flight and the Glacier (Sif
                  | Muna gifted it to you on level 5 of the Vaults)
101989 | Vaults:5 | Received a gift from Sif Muna
101991 | Vaults:5 | Noticed an ancient lich
102201 | Vaults:5 | Reached skill level 24 in Shields
102212 | Vaults:4 | Killed an ancient lich
103055 | Vaults:5 | Reached XP level 26. HP: 200/211 MP: 27/45
103229 | Vaults:5 | Identified Nith's Guide on the Compass and the Frostbite
                  | (Sif Muna gifted it to you on level 5 of the Vaults)
103229 | Vaults:5 | Received a gift from Sif Muna
103869 | Vaults:5 | Got an ancient brass ring
103885 | Vaults:5 | Identified the ring "Zumme" {rPois rF+ Dex+4} (You took it
                  | off a deep elf demonologist on level 5 of the Vaults)
104283 | Vaults:5 | Got a silver rune of Zot
105670 | Vaults:5 | Found the +7 great mace "Undeadhunter" {disrupt, rN+}
106133 | Zot:1    | Entered Level 1 of the Realm of Zot
107352 | Zot:1    | Reached skill level 25 in Shields
108128 | Zot:1    | Reached skill level 1 in Transmutations
108348 | Zot:2    | Identified Sif Muna's Reference Book on Dusty Changing (Sif
                  | Muna gifted it to you on level 2 of the Realm of Zot)
108348 | Zot:2    | Received a gift from Sif Muna
108778 | Zot:2    | Reached skill level 5 in Transmutations
109494 | Zot:2    | Reached XP level 27. HP: 163/217 MP: 7/47
110290 | Zot:3    | Identified Pume's Incunabulum of Ghastly Feathers (Sif Muna
                  | gifted it to you on level 3 of the Realm of Zot)
110290 | Zot:3    | Received a gift from Sif Muna
110594 | Zot:3    | Reached skill level 10 in Transmutations
112561 | Zot:4    | Identified Sif Muna's Almanac of Helpful Orientation (Sif
                  | Muna gifted it to you on level 4 of the Realm of Zot)
112561 | Zot:4    | Received a gift from Sif Muna
113127 | Zot:4    | Learned a level 6 spell: Statue Form
113236 | Zot:4    | Reached skill level 5 in Invocations
113810 | Zot:4    | Reached skill level 1 in Earth Magic
115097 | Zot:4    | Reached skill level 5 in Earth Magic
115428 | Zot:5    | Entered Level 5 of the Realm of Zot
116392 | Zot:5    | Noticed an orb of fire
116401 | Zot:5    | Killed an orb of fire
116451 | Zot:5    | Noticed an ancient lich
116453 | Zot:5    | Noticed an ancient lich
116462 | Zot:5    | Killed an ancient lich
116472 | Zot:5    | Killed an ancient lich
116515 | Zot:5    | Noticed an ancient lich
116529 | Zot:5    | Killed an ancient lich
116683 | Zot:5    | Noticed an orb of fire
116731 | Zot:5    | Killed an orb of fire
116933 | Zot:5    | Noticed an ancient lich
116941 | Zot:5    | Killed an ancient lich
117458 | Zot:5    | Noticed an ancient lich
117466 | Zot:5    | Killed an ancient lich
117466 | Zot:5    | Reached skill level 15 in Dodging
117549 | Zot:5    | Noticed an ancient lich
117557 | Zot:5    | Killed an ancient lich
118331 | Zot:5    | Noticed an orb of fire
118343 | Zot:5    | Killed an orb of fire
118525 | Zot:5    | Noticed an orb of fire
118528 | Zot:5    | Gained mutation: Armour fits poorly on your strangely
                  | shaped body. [an orb of fire]
118531 | Zot:5    | Gained mutation: Scrolls take you a little longer to read.
                  | [an orb of fire]
118534 | Zot:5    | Killed an orb of fire
119477 | Zot:5    | Got the Orb of Zot
119679 | Depths:5 | Noticed Zaunio the pandemonium lord
119931 | D:12     | Noticed Ciwaf the pandemonium lord
120080 | D:6      | Lost mutation: You are somewhat resistant to further
                  | mutation. [potion of mutation]
120080 | D:6      | Lost mutation: Armour fits poorly on your strangely shaped
                  | body. [potion of mutation]
120080 | D:6      | Lost mutation: Scrolls take you a little longer to read.
                  | [potion of mutation]
120080 | D:6      | Gained mutation: You are partially covered in rugged brown
                  | scales. (AC +1, +3% HP) [potion of mutation]
120080 | D:6      | Gained mutation: Your body sometimes deteriorates upon
                  | taking damage. [potion of mutation]
120080 | D:6      | Gained mutation: You possess an exceptional clarity of
                  | mind. [potion of mutation]
120080 | D:6      | Gained mutation: You have sharp toenails. [potion of
                  | mutation]
120269 | D:3      | Noticed Cagroy Muty the pandemonium lord
120362 | D:2      | Noticed Cip Hor the pandemonium lord
120394 | D:2      | Noticed Ukarpheuq the pandemonium lord
120484 | D:1      | Noticed Qippitz the pandemonium lord
120504 | D:$      | Escaped with the Orb!

Skill      XL: |  1  2  3  4  5  6  7  8  9 10 11 12 13 14 15 16 17 18 19 20 21 22 23 24 25 26 27 |
---------------+----------------------------------------------------------------------------------+-----
Fighting       | 1 2 3 5 8 9 11 12 13 14 15 16 17 18 22 | 22.3
Air Magic      | 1 2 5 7 10 12 13 16 17 19 21 22 23 24 | 24.0
Poison Magic   | 4 6 8 9 10 11 | 11.0
Dodging        | 3 4 5 7 9 10 11 12 17 | 17.0
Spellcasting   | 3 4 5 7 8 9 11 12 13 14 15 16 17 18 20 21 | 21.0
Evocations     | 3 |  3.0
Shields        | 5 9 11 14 15 18 20 21 22 23 24 25 | 25.0
Summonings     | 3 |  3.0
Charms         | 4 5 |  5.0
Long Blades    | 4 9 10 | 10.0
Conjurations   | 2 5 7 |  7.0
Invocations    | 1 4 6 |  6.0
Transmutations | 7 14 | 14.1
Earth Magic    | 5 |  5.0
Stealth        | |  1.7

Action                   |  1- 3 |  4- 6 |  7- 9 | 10-12 | 13-15 | 16-18 | 19-21 | 22-24 | 25-27 || total
-------------------------+-------+-------+-------+-------+-------+-------+-------+-------+-------++-------
Melee: Short sword       |     7 |       |       |       |       |       |       |       |       ||     7
       Whip              |     1 |     2 |       |       |       |       |       |       |       ||     3
       Hand axe          |       |    46 |   144 |   143 |   709 |   183 |       |       |       ||  1225
       Falchion          |       |       |    11 |   317 |       |       |       |       |       ||   328
       Staff             |       |       |       |       |     2 |       |       |     2 |    58 ||    62
       Demon blade       |       |       |       |       |       |   920 |  1073 |   573 |   534 ||  3100
       Long sword        |       |       |       |       |       |       |       |   562 |    71 ||   633
       Headbutt          |       |       |       |       |       |       |       |     1 |       ||     1
       Kick              |       |       |       |       |       |       |       |       |     5 ||     5
 Fire: Hunting sling     |       |    39 |   146 |    45 |    15 |       |       |       |       ||   245
       Arbalest          |       |       |       |     5 |       |       |       |       |       ||     5
Throw: Throwing net      |       |       |       |     1 |     1 |       |       |       |       ||     2
 Cast: Sting             |    14 |       |       |       |       |       |       |       |       ||    14
       Poisonous Vapours |    21 |    36 |    53 |   118 |   219 |   153 |   134 |    87 |    23 ||   844
       Mephitic Cloud    |     1 |     7 |     9 |    14 |    43 |    37 |    73 |    72 |    21 ||   277
       Olgreb's Toxic Ra |       |       |    10 |    56 |    91 |    90 |    91 |    68 |    33 ||   439
       Summon Lightning  |       |       |       |       |    41 |   103 |    63 |    92 |    46 ||   345
       Shroud of Golubri |       |       |       |       |       |    15 |    10 |    22 |    15 ||    62
       Regeneration      |       |       |       |       |       |     9 |    22 |    11 |    18 ||    60
       Spectral Weapon   |       |       |       |       |       |    17 |     6 |     2 |       ||    25
       Call Canine Famil |       |       |       |       |       |     6 |       |       |       ||     6
       Lightning Bolt    |       |       |       |       |       |    68 |    72 |    84 |    26 ||   250
       Airstrike         |       |       |       |       |       |   294 |   274 |   597 |   678 ||  1843
       Ignite Poison     |       |       |       |       |       |    24 |   113 |    73 |    34 ||   244
       Swiftness         |       |       |       |       |       |       |     7 |     7 |    16 ||    30
       Conjure Ball Ligh |       |       |       |       |       |       |     4 |     7 |     6 ||    17
       Blink             |       |       |       |       |       |       |     1 |       |     1 ||     2
       Deflect Missiles  |       |       |       |       |       |       |       |     3 |     9 ||    12
       Tornado           |       |       |       |       |       |       |       |       |    66 ||    66
       Statue Form       |       |       |       |       |       |       |       |       |    16 ||    16
       Summon Butterflie |       |       |       |       |       |       |       |       |     2 ||     2
Invok: Divine Energy     |       |       |       |     1 |       |       |       |       |       ||     1
       Channel Magic     |       |       |       |       |       |       |    14 |    25 |    24 ||    63
       Forget Spell      |       |       |       |       |       |       |     1 |       |       ||     1
 Abil: Hop               |       |     6 |     4 |    11 |    17 |     7 |    10 |    11 |     8 ||    74
       End Transformatio |       |       |       |       |       |       |       |       |     1 ||     1
Evoke: Wand              |       |       |     8 |     7 |    33 |    31 |    15 |     9 |     8 ||   111
       Lamp of fire      |       |       |       |     1 |     2 |     1 |     2 |     2 |       ||     8
       Sack of spiders   |       |       |       |       |     2 |       |       |    10 |       ||    12
  Use: Potion            |       |     3 |       |     2 |     6 |     1 |     5 |     4 |    10 ||    31
       Scroll            |       |    11 |     9 |     6 |    14 |    16 |    11 |    19 |    21 ||   107
 Stab: Confused          |       |     1 |       |     3 |     9 |     2 |     1 |     3 |     1 ||    20
       Sleeping          |       |       |     2 |     2 |     1 |    10 |     3 |     4 |     1 ||    23
       Paralysed         |       |       |       |       |     4 |       |       |       |       ||     4
       Distracted        |       |       |       |       |     8 |    14 |     8 |    14 |     3 ||    47
  Eat: Chunk             |     5 |     7 |     7 |    29 |    39 |    55 |    45 |    44 |    57 ||   288
       Ration            |       |     1 |     4 |     3 |     7 |    10 |     7 |    16 |    19 ||    67
Armor: Robe              |     3 |    19 |    55 |   136 |   322 |   297 |   181 |    91 |    57 ||  1161
       Skin              |       |       |       |       |    10 |    16 |       |       |    43 ||    69
Dodge: Dodged            |     4 |    45 |   200 |   457 |   959 |   831 |   405 |   374 |   492 ||  3767
       Deflected         |       |       |       |       |       |       |       |     6 |    74 ||    80
Block: Shield            |       |       |       |    45 |   771 |   635 |       |       |       ||  1451
       Large shield      |       |       |       |       |       |   540 |  1570 |  1598 |  1390 ||  5098
       Rpst.: Falchion   |       |       |     7 |    96 |       |       |       |       |       ||   103
       Demon blade       |       |       |       |       |       |   112 |    66 |    25 |    32 ||   235
       Long sword        |       |       |       |       |       |       |       |    18 |     2 ||    20
